 Dungeon Crawl Stone Soup version 0.31-a0-1591-g515db51633 (webtiles) character file.

Game seed: 5603511827924293101

1020 anacleto the Ruffian (level 8, -2/20 HPs)
             Began as a Troll Gladiator on Jan 7, 2024.
             Slain by a black bear (3 damage)
             ... on level 5 of the Dungeon.
             The game lasted 00:12:05 (4036 turns).

anacleto the Ruffian (Troll Gladiator)              Turns: 4036, Time: 00:12:08

Health: -2/20      AC:  3    Str: 25    XL:     8   Next: 2%
Magic:  8/8        EV: 10    Int:  4    God:
Gold:   256        SH:  0    Dex: 11    Spells: 7/7 levels left

rFire   . .          .
                       - Unarmed
rCold   . . .        (shield currently unavailable)
rNeg    + . .        a - +0 robe
rPois   .            b - +1 hat
rElec   .            f - scarf {repulsion}
rCorr   .            (gloves unavailable)
SInv    .            (boots unavailable)
Will    +++..        F - amulet of the Four Winds {rN+ Will+++ Clar}
Stlth   +            (no ring)
HPRegen 1.03/turn    (no ring)
MPRegen 0.11/turn

%: repel missiles, clarity
@: blade hands
A: reduced hp, large, unfitting armour, (claws 3), regeneration 1, shaggy fur 1,
tough skin 1
a: Begin Untransformation


You were on level 5 of the Dungeon.
You had blades for hands.
You visited 1 branch of the dungeon, and saw 5 of its levels.
You also visited: Ossuary.

You collected 256 gold pieces.

Inventory:

Missiles
 c - 3 throwing nets
 d - a large rock
 h - 3 javelins
 j - 8 poisoned darts (quivered)
Armour
 a - a +0 robe (worn)
 b - a +1 hat (worn)
 f - a scarf of repulsion (worn)
Jewellery
 F - the amulet of the Four Winds (around neck) {rN+ Will+++ Clar}
   (You took it off an orc on level 5 of the Dungeon)

   [amulet of nothing]

   rN+:       It protects you from negative energy.
   Will+++:   It greatly increases your willpower.
   Clar:      It protects you from confusion, rage, mesmerisation and fear.
Talismans
 H - a blade talisman (active)
Wands
 u - a wand of flame (18)
Scrolls
 e - 2 scrolls of teleportation
 k - 3 scrolls of amnesia
 o - 2 scrolls of enchant weapon {unknown}
 p - a scroll of fog {unknown}
 q - 2 scrolls of noise
 t - a scroll of enchant armour
 v - a scroll of blinking {unknown}
 w - 2 scrolls of revelation {unknown}
 y - a scroll of silence {unknown}
 B - a scroll of fear {unknown}
 D - a scroll of immolation {unknown}
 G - a scroll of acquirement {unknown}
Potions
 g - a potion of invisibility {unknown}
 i - 2 potions of degeneration {unknown}
 l - a potion of mutation {unknown}
 m - 3 potions of enlightenment
 n - a potion of heal wounds {unknown}
 r - 2 potions of haste {unknown}
 s - 7 potions of curing
 x - a potion of brilliance {unknown}
 z - a potion of magic {unknown}
 A - a potion of attraction {unknown}
 C - a potion of cancellation {unknown}
 E - 2 potions of resistance {unknown}


   Skills:
 * Level 4.1 Fighting
 + Level 3.4 Throwing
 + Level 3.6 Dodging
 * Level 5.5 Unarmed Combat
 + Level 2.4 Invocations
 + Level 2.6 Shapeshifting


You had 7 spell levels left.
You didn't know any spells.
Your spell library was empty.

Dungeon Overview and Level Annotations

Branches:
Dungeon (5/15)            Ossuary (visited)
 Temple: D:4-7

Altars:
Okawaru

Shops:
D:4 *


Innate Abilities, Weirdness & Mutations

You have blades for hands.
Your maximum health is decreased, since you lack skill for your form.
You are incapable of wielding weapons or throwing items.
You are too large for most types of armour.
((You have claws for hands.))
Your natural rate of healing is unusually fast.
You are covered in fur. (AC +1)
You have tough skin. (AC +1)


Message History

You kill the dart slug!
You see here a dart slug corpse.
You hit the sleepcap.
The sleepcap is lightly damaged.
The sleepcap closely misses you.
You slash the sleepcap!
The sleepcap is heavily damaged.
The sleepcap releases spores at you.
You are engulfed in a cloud of soporific spores!
You are unaffected.
You slash the sleepcap!
You destroy the sleepcap!
You have reached level 8!
A black bear comes into view.
Found 13 gold pieces.
The black bear growls angrily.
The black bear barely misses you. The black bear claws you.
The black bear closely misses you.
You hit the black bear.
The black bear is lightly wounded.
The black bear closely misses you.
The black bear claws you but does no damage.
The black bear claws you.
You hit the black bear. You slash the black bear.
The black bear is moderately wounded.
The black bear bites you. The black bear barely misses you.
The black bear claws you.
You hit the black bear.
The black bear is heavily wounded.
The black bear bites you. The black bear claws you.
* * * LOW HITPOINT WARNING * * *
The black bear barely misses you.
You hit the black bear.
The black bear is heavily wounded.
The black bear bites you.
* * * LOW HITPOINT WARNING * * *
The black bear claws you.
* * * LOW HITPOINT WARNING * * *
The black bear claws you.
You die...

###### .....# .†...# .....#
. .....# #....$
.....################.......
................@h.....>...
...##################.....
...# ############### .....
...# #.............#
##.######## ...#
#.###########.# #.........#
...# #.# #<###....####.#
...###.# #.#......# #.#
#....#.## #)#.#....# #.#
#.......# ###)#.#....# #.##


You could see a black bear.

Vanquished Creatures
  Duvessa (D:4)
  Blork the orc (D:4)
  2 scorpions
  Dowan (D:4)
  A bombardier beetle (D:4)
  2 centaur zombies (Ossuary)
  2 hounds (D:5)
  A human zombie (Ossuary)
  A gnoll bouda (D:5)
  A sleepcap (D:5)
  2 orc wizards
  3 ogre zombies (Ossuary)
  7 mummies (Ossuary)
  5 gnolls (D:4)
  5 adders
  3 adder zombies (Ossuary)
  3 dart slugs
  16 orcs
  10 endoplasms
  3 giant cockroaches
  A gnoll zombie (Ossuary)
  A hobgoblin (D:2)
  11 jackals
  5 quokkas
  8 ball pythons
  4 bats
  3 frilled lizards
  3 goblins
  2 goblin zombies (Ossuary)
  6 hobgoblin zombies (Ossuary)
  8 kobolds
  7 kobold zombies (Ossuary)
  2 orc zombies (Ossuary)
  A quokka zombie (Ossuary)
  8 rats
  2 rat zombies (Ossuary)
142 creatures vanquished.

Vanquished Creatures (others)
  An orc wizard (D:4)
1 creature vanquished.

Grand Total: 143 creatures vanquished

Notes
Turn   | Place    | Note
-------+----------+-------------------------------------------
     0 | D:1      | anacleto the Troll Gladiator began the quest for the Orb.
     0 | D:1      | Reached XP level 1. HP: 19/19 MP: 0/0
   133 | D:1      | Found a faded altar of an unknown god.
   147 | D:1      | Reached XP level 2. HP: 28/28 MP: 1/1
   368 | D:1      | Reached XP level 3. HP: 34/35 MP: 2/2
  1379 | D:3      | Reached XP level 4. HP: 42/42 MP: 3/3
  1504 | D:3      | Reached skill level 1 in Shapeshifting
  1706 | D:4      | Found Yribb's Gadget Gallery.
  1838 | D:4      | Noticed Dowan
  1851 | D:4      | Noticed Duvessa
  1980 | D:4      | Reached skill level 1 in Invocations
  1980 | D:4      | Reached XP level 5. HP: 44/50 MP: 4/4
  2024 | D:4      | Reached skill level 4 in Unarmed Combat
  2037 | D:4      | Noticed Blork the orc
  2045 | D:4      | Killed Blork the orc
  2199 | D:4      | Reached XP level 6. HP: 51/61 MP: 4/6
  2265 | D:4      | Found a sand-covered staircase.
  2274 | Ossuary  | Entered an ossuary
  2765 | Ossuary  | Reached XP level 7. HP: 64/67 MP: 7/7
  2952 | D:4      | Found an iron altar of Okawaru.
  3209 | D:4      | Killed Dowan
  3210 | D:4      | Reached skill level 5 in Unarmed Combat
  3215 | D:4      | Killed Duvessa
  3241 | D:5      | Entered Level 5 of the Dungeon
  3948 | D:5      | Identified the +0 robe "Ziuhuog" {*Slow +Blink rPois}
  4008 | D:5      | Reached XP level 8. HP: 20/78 MP: 8/8
  4036 | D:5      | HP: 1/20 [black bear (1)]
  4036 | D:5      | Slain by a black bear

Illustrated notes

Levels and vault maps discovered:
D:1:      lemuel_arrival_funnel, layout_basic,
          hellmonk_ecumenical_altar_crossroads
D:2:      layout_loops_cross
D:3:      layout_rooms
D:4:      layout_loops_corners, okawaru_gym_becter, enter_ossuary_3,
          nicolae_shop_gadgets, uniq_duvessa, uniq_blork_the_orc
D:5:      layout_basic

Skill      XL: |  1  2  3  4  5  6  7 |
---------------+----------------------+-----
Throwing       | 2 3 |  3.4
Fighting       | 2 3 4 |  4.1
Shapeshifting  | 1 2 |  2.6
Invocations    | 1 2 |  2.4
Unarmed Combat | 4 5 |  5.5
Dodging        | 3 |  3.6

Action                     |  1- 3 |  4- 6 |  7- 9 || total
---------------------------+-------+-------+-------++-------
  Melee: Unarmed           |    92 |   183 |   127 ||   402
         Punch             |     2 |     6 |     3 ||    11
  Evoke: Wand              |       |     1 |       ||     1
    Use: Scroll            |       |     5 |     2 ||     7
   Stab: Sleeping          |     3 |     1 |       ||     4
 Armour: Robe              |    51 |   106 |    88 ||   245
  Dodge: Dodged            |    71 |    66 |    70 ||   207
         Repelled          |       |     1 |     4 ||     5
   Form: Blade             |       |       |     1 ||     1

Table legend: (Time is in decaauts)
 A = Elapsed time spent in this place.
 B = Non-inter-level travel time spent in this place.
 C = Inter-level travel time spent in this place.
 D = Time resting spent in this place.
 E = Time spent auto-exploring this place.
 F = Levels seen in this place.
 G = Mean time per level.
                   A        B        C        D        E       F      G
               +--------+--------+--------+--------+--------+-----+--------+
         Total |   4007 |   3891 |    116 |    255 |   2077 |   6 |  667.8 |
       Dungeon |   3449 |   3333 |    116 |    253 |   1886 |   5 |  689.8 |
       Ossuary |    557 |    557 |      0 |      2 |    191 |   1 |  557.0 |
               +--------+--------+--------+--------+--------+-----+--------+

Top non-repeatable levels by time:
     D:4: 1195 daAuts
     D:2: 636 daAuts
     D:3: 579 daAuts
 Ossuary: 557 daAuts
     D:5: 523 daAuts
     D:1: 515 daAuts
